 Dungeon Crawl Stone Soup version 0.20.1-1-g8b1a95d (webtiles) character file.

5056 jmlagarto the Geomancer (level 10, -12/79 HPs)
             Began as a Deep Dwarf Earth Elementalist on Aug 26, 2017.
             Was a Priest of Sif Muna.
             Mangled by a guardian serpent (16 damage)
             ... on level 9 of the Dungeon on Sept 1, 2017.
             The game lasted 00:46:57 (9592 turns).

jmlagarto the Geomancer (DDEE)                      Turns: 9592, Time: 00:46:58

Health: -12/79     AC:  7    Str: 19    XL:     10   Next: 31%
Magic:  17/17      EV: 16    Int: 18    God:    Sif Muna [***...]
Gold:   556        SH:  0    Dex: 13    Spells: 7/22 levels left

rFire    . . .     SeeInvis .   N - staff of earth
rCold    . . .     Gourm    .   (no shield)
rNeg     + . .     Faith    .   i - +2 robe {rN+}
rPois    .         Spirit   .   m - +1 helmet
rElec    .         Reflect  .   x - +0 cloak
rCorr    .         Harm     .   (no gloves)
MR       +....                  (no boots)
Stlth    +.........             (no amulet)
Regen    0.0/turn               n - +4 ring of strength
MPRegen  0.2/turn               d - +2 ring of strength

@: silence, non-regenerating
A: damage resistance, heal wounds, sense surroundings 2, no regeneration
a: Heal Wounds, Renounce Religion


You were on level 9 of the Dungeon.
You worshipped Sif Muna.
Sif Muna was most pleased with you.
You were not hungry.

You visited 2 branches of the dungeon, and saw 10 of its levels.

You collected 556 gold pieces.

Inventory:

Hand Weapons
 a - a +1 flail of crushing
 f - a +3 scimitar of flaming
 t - a +3 quarterstaff of chaos
 v - a +2 mace of protection
 M - a +6 mace
Missiles
 b - a stone
 y - 24 sling bullets
 B - 2 throwing nets (quivered)
 H - 19 poisoned needles
Armour
 c - a +0 robe
 i - a +2 robe of positive energy (worn)
 m - a +1 helmet (worn)
 x - a +0 cloak (worn)
 F - a cursed +0 chain mail
Magical Staves
 q - an uncursed staff of air
 J - an uncursed staff of fire
 N - an uncursed staff of earth (weapon)
Jewellery
 d - a +2 ring of strength (right hand)
 n - a +4 ring of strength (left hand)
 u - an uncursed ring of resist corrosion {unknown}
Wands
 D - a wand of digging (8/24)
Scrolls
 h - 4 scrolls of blinking {unknown}
 k - 8 scrolls of identify {unknown}
 o - 2 scrolls of immolation {unknown}
 s - a scroll of recharging {unknown}
 w - a scroll of enchant armour {unknown}
 E - a scroll of teleportation {unknown}
 P - a scroll of remove curse
Potions
 g - 3 potions of agility {unknown}
 j - 2 potions of mutation {unknown}
 l - 3 potions of curing
 p - a potion of haste {unknown}
 r - a potion of heal wounds
 z - a potion of might {unknown}
 A - 2 potions of cancellation {unknown}
 K - 3 potions of invisibility {unknown}
 L - a potion of brilliance {unknown}
Books
 e - a book of Geomancy

   Spells                             Type                      Level
   a - Sandblast                      Earth                        1
   b - Passwall                       Transmutation/Earth          2
   c - Stone Arrow                    Conjuration/Earth            3
   d - Petrify                        Transmutation/Earth          4
   e - Lee's Rapid Deconstruction     Earth                        5
 G - a book of Misfortune

   Spells                             Type                      Level
   a - Confusing Touch                Hexes                        1
   b - Confuse                        Hexes                        3
   c - Gell's Gravitas                Translocation                3
   d - Petrify                        Transmutation/Earth          4
   e - Metabolic Englaciation         Hexes/Ice                    5
   f - Yara's Violent Unravelling     Hexes/Transmutation          5
 I - a book of Misfortune

   Spells                             Type                      Level
   a - Confusing Touch                Hexes                        1
   b - Confuse                        Hexes                        3
   c - Gell's Gravitas                Translocation                3
   d - Petrify                        Transmutation/Earth          4
   e - Metabolic Englaciation         Hexes/Ice                    5
   f - Yara's Violent Unravelling     Hexes/Transmutation          5
Comestibles
 C - 2 bread rations


   Skills:
 - Level 1.5 Fighting
   Level 0.9(5.1) Axes
 - Level 7.3(7.4) Maces & Flails
 + Level 0.3(4.1) Staves
 + Level 8.0 Dodging
 - Level 3.7 Stealth
 - Level 0.1 Unarmed Combat
 * Level 6.7 Spellcasting
 - Level 0.8 Transmutations
 * Level 10.6 Earth Magic


You had 7 spell levels left.
You knew the following spells:

 Your Spells              Type           Power        Failure   Level  Hunger
a - Sandblast             Erth           ######       1%          1    None
b - Passwall              Tmut/Erth      #####.....   1%          2    None
c - Stone Arrow           Conj/Erth      #####.       3%          3    ##.....
d - Petrify               Tmut/Erth      #####...     11%         4    ####...
e - Lee's Rapid Deconstr  Erth           ######....   3%          5    #####..


Dungeon Overview and Level Annotations

Branches:
Dungeon (9/15)             Temple (1/1) D:4
   Lair: D:8-11         Orc: D:9-12

Altars:
Ashenzari
Cheibriados
Dithmenos
Elyvilon
Gozag
Hepliaklqana
Kikubaaqudgha
Makhleb
Okawaru
Qazlal
Ru
Sif Muna
Trog
Uskayaw
Vehumet
Xom
Yredelemnul
Zin
The Shining One


Innate Abilities, Weirdness & Mutations

You are resistant to damage.
You can heal yourself by infusing magical energy.
You passively map the area around you.
You do not regenerate.


Message History

* * * LOW HITPOINT WARNING * * *
Your magical essence is drained by the effort!
You feel much better.
The guardian serpent coils itself and waves its upper body at you.
The bolt of poison hits you!
You are more poisoned.
* * * LOW HITPOINT WARNING * * *
You feel better. The guardian serpent hits you!
The guardian serpent barely misses you.
As you read the scroll labeled YKALYUSUSTRE, it crumbles to dust.
A profound silence engulfs you.
It was a scroll of silence.
The guardian serpent hits you.
* * * LOW HITPOINT WARNING * * *
The guardian serpent closely misses you.
The guardian serpent hits you.
The guardian serpent completely misses you.
The guardian serpent hits you!!
* * * LOW HITPOINT WARNING * * *
The guardian serpent hits you!!
You die...

* * *
#.#.# * ,
,, #.#.#
*, * *
*,* #.#.#
*, , , ,
*
#.###.#.#
* * ,
#.......#
, *
#.###.###
* ** , ,
* #.# * ,
, , , #S#
* , #@# *
#<# * , ,
* * #.#
*** * <
#.# ,* ,
#.# , **
* ** #.#
* * , ,,
, ,*, , ,
..., , *
*,* #.. ,
, , ### *
,


You could see a guardian serpent.

Vanquished Creatures
  Erica (D:8)
  Pikel (D:7)
  A cyclops (D:8)
  The ghost of simples the Covert, an amateur SpEn of Gozag (D:5)
  A hungry ghost (D:8)
  Grum (D:8)
  Menkaure (D:7)
  2 orc warriors (D:7)
  A sky beast (D:8)
  3 ice beasts
  A phantom (D:6)
  4 ogres
  3 centaurs
  2 wolves (D:8)
  A bullfrog (D:7)
  A scorpion (D:8)
  5 wights (D:6)
  4 killer bees (D:8)
  A howler monkey (D:5)
  2 bullfrog zombies
  5 crimson imps
  5 hounds
  A bullfrog skeleton (D:4)
  3 iguanas
  3 orc priests
  Crazy Yiuf (D:2)
  2 orc wizards
  6 worker ants
  2 hound skeletons
  A gnoll (D:1)
  14 adders
  A shadow imp (D:5)
  An ooze (D:2)
  2 adder zombies
  2 worms (D:3)
  4 dart slugs
  24 orcs
  7 giant cockroaches
  6 hobgoblins
  13 jackals
  3 quokkas
  2 ball pythons (D:1)
  7 bats
  3 frilled lizards
  8 goblins
  A jackal skeleton (D:4)
  8 kobolds
  A leopard gecko skeleton (D:4)
  5 rats
178 creatures vanquished.

Vanquished Creatures (others)
  3 slaves (D:7)
  A human (D:6)
  2 orcs (D:7)
6 creatures vanquished.

Grand Total: 184 creatures vanquished

Notes
Turn   | Place    | Note
-------+----------+-------------------------------------------
     0 | D:1      | jmlagarto the Deep Dwarf Earth Elementalist began the quest for the Orb.
     0 | D:1      | Reached XP level 1. HP: 15/15 MP: 3/3
   479 | D:1      | Reached XP level 2. HP: 19/22 MP: 0/4
   773 | D:1      | Reached XP level 3. HP: 28/28 MP: 3/6
  1072 | D:1      | Learned a level 2 spell: Passwall
  1076 | D:1      | Learned a level 3 spell: Stone Arrow
  1375 | D:2      | Reached skill level 5 in Earth Magic
  1387 | D:2      | Found a runed door.
  1696 | D:2      | Reached XP level 4. HP: 34/37 MP: 2/7
  2157 | D:2      | Noticed Crazy Yiuf
  2160 | D:2      | Killed Crazy Yiuf
  2292 | D:3      | Reached XP level 5. HP: 39/43 MP: 1/8
  2648 | D:3      | Reached skill level 1 in Maces & Flails
  2701 | D:3      | Reached skill level 1 in Fighting
  3023 | D:4      | Reached XP level 6. HP: 47/51 MP: 3/10
  3144 | D:4      | Reached skill level 6 in Earth Magic
  3341 | D:4      | Found a staircase to the Ecumenical Temple.
  3351 | Temple   | Entered the Ecumenical Temple
  3476 | Temple   | Became a worshipper of Sif Muna the Loreminder
  3929 | D:5      | Entered Level 5 of the Dungeon
  4080 | D:5      | Noticed an ice beast
  4080 | D:5      | Reached XP level 7. HP: 50/57 MP: 4/12
  4179 | D:5      | Noticed simples's ghost (amateur SpEn)
  4185 | D:5      | Killed simples's ghost
  4380 | D:5      | Reached skill level 7 in Earth Magic
  5001 | D:5      | Reached XP level 8. HP: 63/64 MP: 11/14
  5272 | D:6      | Found an ancient bone altar of Kikubaaqudgha.
  5457 | D:6      | Reached * piety under Sif Muna
  6536 | D:6      | Reached skill level 8 in Earth Magic
  6542 | D:6      | Reached skill level 5 in Dodging
  7188 | D:7      | Noticed Menkaure
  7201 | D:7      | Reached skill level 5 in Maces & Flails
  7201 | D:7      | Reached skill level 5 in Spellcasting
  7203 | D:7      | Killed Menkaure
  7442 | D:7      | Noticed Pikel
  7459 | D:7      | Killed Pikel
  7459 | D:7      | Reached skill level 9 in Earth Magic
  7459 | D:7      | Gained mutation: You passively map the area around you. [Deep Dwarf growth]
  7459 | D:7      | Reached XP level 9. HP: 18/70 MP: 2/17
  7491 | D:7      | Reached ** piety under Sif Muna
  8342 | D:8      | Learned a level 4 spell: Petrify
  8348 | D:8      | Learned a level 5 spell: Lee's Rapid Deconstruction
  8388 | D:8      | Noticed Erica
  8413 | D:8      | Killed Erica
  8591 | D:8      | Noticed Grum
  8606 | D:8      | Reached skill level 10 in Earth Magic
  8706 | D:8      | Reached XP level 10. HP: 65/79 MP: 5/18
  9041 | D:8      | Killed Grum
  9288 | D:8      | Noticed a cyclops
  9295 | D:8      | Killed a cyclops
  9295 | D:8      | Reached *** piety under Sif Muna
  9566 | D:9      | Noticed a guardian serpent
  9592 | D:9      | Mangled by a guardian serpent

Skill      XL: |  1  2  3  4  5  6  7  8  9 10 |
---------------+-------------------------------+-----
Spellcasting   | 2 3 4 5 6 |  6.7
Earth Magic    | 5 6 7 9 10 | 10.6
Dodging        | 3 4 6 7 8 |  8.0
Stealth        | 3 |  3.7
Maces & Flails | 1 3 4 5 7 |  7.3
Fighting       | 1 |  1.5
Axes           | |  0.9
Staves         | |  0.3
Unarmed Combat | |  0.1
Transmutations | |  0.8

Action                   |  1- 3 |  4- 6 |  7- 9 | 10-12 || total
-------------------------+-------+-------+-------+-------++-------
Melee: Club              |    18 |       |       |       ||    18
       Unarmed           |     4 |       |       |       ||     4
       Hand axe          |    42 |       |       |       ||    42
       Mace              |     6 |   127 |    29 |       ||   162
       Staff             |       |       |       |     1 ||     1
 Cast: Sandblast         |    27 |    55 |   135 |    30 ||   247
       Stone Arrow       |       |     4 |     5 |       ||     9
       Lee's Rapid Decon |       |       |     3 |     6 ||     9
 Abil: Heal Wounds       |     2 |     2 |     8 |     4 ||    16
  Use: Potion            |       |     3 |       |     3 ||     6
       Scroll            |       |     1 |     2 |     1 ||     4
 Stab: Sleeping          |     4 |     6 |     1 |       ||    11
  Eat: Chunk             |     3 |     3 |     1 |     2 ||     9
       Bread ration      |       |     1 |     2 |       ||     3
       Meat ration       |       |       |     2 |       ||     2
       Royal jelly       |       |       |       |     2 ||     2
Armor: Robe              |    29 |    72 |    16 |     1 ||   118
Dodge: Dodged            |    76 |   131 |    58 |    15 ||   280
